 Dungeon Crawl Stone Soup version 0.31-a0-1277-g9d81352 (webtiles) character file.

Game seed: 10639537080854566147

233 Dorkslayer the Poker (level 6, 0/72 HPs)
             Began as a Merfolk Fighter on Dec 17, 2023.
             Succumbed to Robin's poison
             ... on level 2 of the Dungeon.
             The game lasted 00:03:29 (1179 turns).

Dorkslayer the Poker (Merfolk Fighter)              Turns: 1179, Time: 00:03:30

Health: 0/72       AC: 23    Str: 17 (18) XL:     6   Next: 5%
Magic:  6/6        EV:  2    Int:  4 (7)  God:
Gold:   137        SH:  4    Dex: 12 (14) Spells: 5/5 levels left

rFire   . . .        a - +0 trident
rCold   . . .        c - +0 buckler
rNeg    . . .        f - melded +0 chain mail
rPois   +            (helmet currently unavailable)
rElec   .            (cloak currently unavailable)
rCorr   .            (gloves currently unavailable)
SInv    .            g - melded +0 pair of boots
Will    .....        (no amulet)
Stlth   +            k - +4 ring of slaying
HPRegen 0.32/turn    (no ring)
MPRegen 0.10/turn

%: no passive effects
@: lethally poisoned (0 -> -5), tree-form, on berserk cooldown, slowed, very
slow
A: stationary, stasis, torment immunity, boosted hp, (nimble swimmer 2),
(mertail)
a: no special abilities


You were on level 2 of the Dungeon.
You were a tree.
You visited 1 branch of the dungeon, and saw 2 of its levels.

You collected 137 gold pieces.

Inventory:

Hand Weapons
 a - a +0 trident (weapon)
Armour
 c - a +0 buckler (worn)
 f - a +0 chain mail (melded)
 g - a +0 pair of boots (melded)
Jewellery
 k - a +4 ring of slaying (left branch)
Scrolls
 b - a scroll of teleportation
 h - a scroll of revelation {unknown}
Potions
 d - a potion of lignification
 e - a potion of haste
 i - a potion of degeneration
 l - a potion of ambrosia {unknown}


   Skills:
 + Level 3.9 Fighting
 + Level 4.7 Polearms
 + Level 3.1 Armour
 * Level 2.9 Dodging
 + Level 3.7 Shields


You had 5 spell levels left.
You didn't know any spells.
Your spell library was empty.

Dungeon Overview and Level Annotations

Branches:
Dungeon (2/15)

Altars:


Innate Abilities, Weirdness & Mutations

You are a tree.
Your roots penetrate the ground, keeping you stationary.
You cannot be teleported.
You are immune to unholy pain and torment.
Your maximum health is greatly increased.
Your equipment is partially melded.
((You are very nimble when in or above water. (Stealth+, EV+, Speed+++)))
((Your lower body shifts to a powerful aquatic tail in water.))


Message History

You feel sick. Robin hits you but does no damage.
It was a potion of berserk rage.
A red film seems to cover your vision as you go berserk!
You feel yourself moving faster!
You feel mighty!
You feel sick. Robin hits you but does no damage.
You are lethally poisoned!
You are too berserk!
Unknown command.
You are too berserk!
Unknown command.
Reach: a) +0 trident
Press: ? - help, Dir - move target, f - Robin
Aim: Robin, wielding a +0 spear of venom, wearing a +0 animal skin and wearing a +0 helmet (heavily wounded, about 29% to evade your +0 trident)
You reach to attack!
You puncture Robin!
You kill Robin!
* * * LOW HITPOINT WARNING * * *
You feel very sick.
You have reached level 6!
You are too berserk!
You are too berserk!
* * * LOW HITPOINT WARNING * * *
You feel sick.
You feel a strong urge to attack something.
* * * LOW HITPOINT WARNING * * *
You feel sick.
* * * LOW HITPOINT WARNING * * *
You feel sick. The endoplasm barely misses you.
You puncture the endoplasm!
You kill the endoplasm!
* * * LOW HITPOINT WARNING * * *
You feel sick.
* * * LOW HITPOINT WARNING * * *
You feel sick.
You feel a strong urge to attack something.
* * * LOW HITPOINT WARNING * * *
You feel sick.
You are no longer berserk.
You are exhausted.
You feel yourself slow down.
You die...

.#..####.....#..
#.#.. #.....#.#
##.#..# #........
#....#.###.##.#.##
...#..#....##.#.#
#.............#.#
#.#####.###.###.#
#)# #<# #.# #.#
.#.## #♣# #.# #.#
#.# ......######)#
#.# #.###.#
..g.....J.)).# #.#
#.....#
##g###.#####†#####.#
#######
#...........[.#
..#####.####### ##.
...# ## #####


There were no monsters in sight!

Vanquished Creatures
  Sigmund (D:2)
  Robin (D:2)
  2 dart slugs (D:2)
  8 bats
  4 endoplasms
  4 giant cockroaches
  11 goblins (D:2)
  4 hobgoblins
  2 jackals (D:2)
  4 kobolds
  A quokka (D:1)
  3 ball pythons
  2 frilled lizards (D:1)
  A rat (D:1)
48 creatures vanquished.

Notes
Turn   | Place    | Note
-------+----------+-------------------------------------------
     0 | D:1      | Dorkslayer the Merfolk Fighter began the quest for the Orb.
     0 | D:1      | Reached XP level 1. HP: 18/18 MP: 1/1
     1 | D:1      | Noticed an electric eel
    47 | D:1      | Found a faded altar of an unknown god.
    96 | D:1      | Reached XP level 2. HP: 17/24 MP: 2/2
   553 | D:1      | Reached skill level 3 in Polearms
   553 | D:1      | Reached skill level 1 in Dodging
   582 | D:1      | Reached XP level 3. HP: 28/29 MP: 3/3
  1010 | D:2      | Noticed Sigmund
  1032 | D:2      | Killed Sigmund
  1033 | D:2      | Reached skill level 4 in Polearms
  1033 | D:2      | Reached XP level 4. HP: 22/37 MP: 4/4
  1033 | D:2      | Reached XP level 5. HP: 25/42 MP: 5/5
  1129 | D:2      | Noticed Robin
  1172 | D:2      | Killed Robin
  1173 | D:2      | Reached XP level 6. HP: 10/48 MP: 6/6
  1175 | D:2      | HP: 5/108 [poisoned by Robin]
  1178 | D:2      | HP: 2/108 [poisoned by Robin]
  1179 | D:2      | Succumbed to Robin's poison

Illustrated notes

Levels and vault maps discovered:
D:1:      arrival_aquarium_a, layout_basic, ebering_ecumenical_altar_rust
D:2:      cheibrodos_old_hovel, layout_loops_ring, kennysheep_pointless_box,
          uniq_sigmund, uniq_robin, uniq_jessica

Skill      XL: |  1  2  3 |
---------------+----------+-----
Polearms       | 3 4 |  4.7
Dodging        | 1 2 |  2.9
Armour         | 3 |  3.1
Fighting       | |  3.9
Shields        | |  3.7

Action                     |  1- 3 |  4- 6 || total
---------------------------+-------+-------++-------
  Melee: Trident           |   107 |    40 ||   147
    Use: Potion            |     2 |     3 ||     5
         Scroll            |     2 |       ||     2
 Armour: Scale mail        |    21 |       ||    21
         Chain mail        |    82 |    28 ||   110
         Skin              |       |     3 ||     3
  Dodge: Dodged            |    47 |    19 ||    66
  Block: Buckler           |    28 |    10 ||    38

Table legend: (Time is in decaauts)
 A = Elapsed time spent in this place.
 B = Non-inter-level travel time spent in this place.
 C = Inter-level travel time spent in this place.
 D = Time resting spent in this place.
 E = Time spent auto-exploring this place.
 F = Levels seen in this place.
 G = Mean time per level.
                   A        B        C        D        E       F      G
               +--------+--------+--------+--------+--------+-----+--------+
         Total |   1183 |   1183 |      0 |      0 |    593 |   2 |  591.5 |
       Dungeon |   1183 |   1183 |      0 |      0 |    593 |   2 |  591.5 |
               +--------+--------+--------+--------+--------+-----+--------+

Top non-repeatable levels by time:
     D:1: 744 daAuts
     D:2: 439 daAuts
